 Dungeon Crawl Stone Soup version 0.29-a0-234-g0dae59b3db (webtiles) character file.

Game seed: 17330057138571132571

176 jlumianski the Chopper (level 5, -7/41 HPs)
             Began as a Demonspawn Gladiator on Mar 3, 2022.
             Mangled by an ogre
             ... wielding a +0 giant club
              (27 damage)
             ... on level 4 of the Dungeon.
             The game lasted 00:10:38 (3158 turns).

jlumianski the Chopper (Demonspawn Gladiator)       Turns: 3158, Time: 00:10:40

Health: -7/41      AC:  6    Str: 17    XL:     5   Next: 30%
Magic:  5/5        EV: 12    Int:  9    God:
Gold:   164        SH:  5    Dex: 14    Spells: 4/4 levels left

rFire   + . .      SeeInvis .   a - +0 war axe
rCold   . . .      Faith    .   h - +2 buckler
rNeg    . . .      Spirit   .   n - +0 ring mail
rPois   .          Reflect  .   c - +0 helmet
rElec   .          Harm     .   (no cloak)
rCorr   .          Rampage  .   (no gloves)
Will    .....                   (no boots)
Stlth   +.........              (no amulet)
HPRegen 0.13/turn               m - ring of protection from fire
MPRegen 0.09/turn               (no ring)

@: no status effects
A: demonic guardian 2, sturdy frame 1, demonic touch 1
a: no special abilities


You were on level 4 of the Dungeon.
You visited 1 branch of the dungeon, and saw 4 of its levels.

You collected 164 gold pieces.

Inventory:

Hand Weapons
 a - a +0 war axe (weapon)
Missiles
 d - 3 throwing nets
 e - 95 stones
 f - 19 poisoned darts (quivered)
 p - 2 boomerangs
Armour
 b - a +0 leather armour
 c - a +0 helmet (worn)
 h - a +2 buckler (worn)
 n - a +0 ring mail (worn)
Jewellery
 m - a ring of protection from fire (left hand)
Scrolls
 g - a scroll of vulnerability {unknown}
 i - 2 scrolls of blinking
 k - a scroll of teleportation
 l - a scroll of summoning
 o - a scroll of magic mapping
 q - a scroll of identify {unknown}
 r - a scroll of immolation {unknown}
 s - a scroll of enchant armour {unknown}
Potions
 j - 2 potions of curing {unknown}


   Skills:
 + Level 3.0 Fighting
 + Level 3.9 Axes
 + Level 1.9 Throwing
 + Level 1.7 Armour
 + Level 3.3 Dodging
 + Level 0.2 Stealth
 + Level 0.5 Shields


You had 4 spell levels left.
You didn't know any spells.
Your spell library was empty.

Dungeon Overview and Level Annotations

Branches:
Dungeon (4/15)             Temple (0/1) D:4

Altars:
Elyvilon
Trog

Annotations:
D:4 Blork the orc


Innate Abilities, Weirdness & Mutations

A demonic guardian rushes to your aid.
Your movements are slightly less encumbered by armour. (ER -2)
Your touch may inflict minor irresistible damage on your foes.


Message History

As you read the scroll labelled ACRON ESKA, it crumbles to dust.
It was a scroll of blinking.
As you read the scroll labelled NYOXZU KIRPHESK, it crumbles to dust.
You feel strangely unstable.
It was a scroll of teleportation.
Your surroundings suddenly seem different.
Found 6 poisoned darts.
Found a stone staircase leading down.
f - 19 poisoned darts (gained 6)
As you read the scroll labelled BAGEISTR BYSHROIFE, it crumbles to dust.
Wisps of shadow whirl around you...
It was a scroll of summoning.
As you read the scroll labelled HUH HECZOHAI, it crumbles to dust.
You feel aware of your surroundings.
You sensed 1 shop/portal.
It was a scroll of magic mapping.
Unknown command.
You swap places.
Found 3 gold pieces.
There is a stone staircase leading down here.
You now have 164 gold pieces (gained 3).
You swap places.
Found a stone staircase leading down.
There is a stone staircase leading down here.
You hear the slow rusting of a very distant drain.
Blork the orc comes into view.
He is wielding a +0 dire flail.
Blork the orc shouts!
You hear a shout!
Blork the orc gestures at you while chanting.
The magic dart hits you.
You swap places.
An ogre comes into view. It is wielding a +0 giant club.
The ogre shouts!
A goblin comes into view. It is wielding a +0 club.
Found a dagger.
The goblin shouts!
Your kobold dissolves into shadows!
Your hound dissolves into shadows!
Blork the orc hits you with a +0 dire flail!
You barely miss Blork the orc.
Your goblin dissolves into shadows!
Blork the orc hits you with a +0 dire flail.
Blork the orc closely misses you.
The ogre hits you with a +0 giant club!!
Ouch! That really hurt!
You die...

....####******### *,* *,*
.......## ##..#####*,* *,*
........#####.......#*,* *,*
.............>#****,**,***,*
.......#####..# *,*,,,**,*
.......# #..#
*,,,,.,,,****** .......#
#..# *,*.).,,,,,,,,,
.......#
#..#####....#*********
.####### #....@og.#*** * .#
#.##..O### * .# #.###.## ##
#.,,..# ##**###


You could see Blork the orc, an ogre and a goblin.

Vanquished Creatures
  An adder (D:2)
  2 dart slugs
  An orc (D:3)
  2 ball pythons (D:3)
  5 bats
  4 endoplasms
  4 goblins
  5 jackals
  5 kobolds
  2 quokkas
  4 frilled lizards
  3 rats
38 creatures vanquished.

Vanquished Creatures (collateral kills)
  A black bear (D:3)
  An orc wizard (D:3)
  2 orcs (D:3)
  2 endoplasms (D:3)
6 creatures vanquished.

Vanquished Creatures (others)
  2 plants (D:1)
2 creatures vanquished.

Grand Total: 46 creatures vanquished

Notes
Turn   | Place    | Note
-------+----------+-------------------------------------------
     0 | D:1      | jlumianski the Demonspawn Gladiator began the quest for the
                  | Orb.
     0 | D:1      | Reached XP level 1. HP: 16/16 MP: 1/1
   167 | D:1      | Found a faded altar of an unknown god.
   349 | D:1      | Gained mutation: A weak demonic guardian rushes to your
                  | aid. [demonic ancestry]
   349 | D:1      | Reached XP level 2. HP: 18/22 MP: 2/2
  1249 | D:2      | Gained mutation: A demonic guardian rushes to your aid.
                  | [demonic ancestry]
  1249 | D:2      | Reached XP level 3. HP: 18/27 MP: 3/3
  1459 | D:2      | Found a bloodstained altar of Trog.
  1937 | D:3      | Gained mutation: Your movements are slightly less
                  | encumbered by armour. (ER -2) [demonic ancestry]
  1937 | D:3      | Reached XP level 4. HP: 4/34 MP: 4/4
  1938 | D:3      | Reached skill level 1 in Armour
  2373 | D:3      | Found a faded altar of an unknown god.
  2975 | D:3      | Noticed a black bear
  2982 | D:3      | Killed a black bear
  2983 | D:3      | Gained mutation: Your touch may inflict minor irresistible
                  | damage on your foes. [demonic ancestry]
  2983 | D:3      | Reached XP level 5. HP: 32/41 MP: 5/5
  3153 | D:4      | Noticed Blork the orc
  3155 | D:4      | Noticed an ogre
  3158 | D:4      | Mangled by an ogre

Illustrated notes

Levels and vault maps discovered:
D:1:      minmay_arrival_cross, layout_loops_ring, serial_forest,
          infiniplex_forest_lined_corner, infiniplex_forest_straight_3,
          infiniplex_forest_clump_double, infiniplex_forest_clump_tiny,
          infiniplex_forest_zigzag_2, infiniplex_forest_lined_2,
          infiniplex_forest_straight_3, shapermc_ecumenical_altar_mp_vishouse
D:2:      layout_rooms, basic_altar, kennysheep_generic_room_9
D:3:      layout_loops_cross, nicolae_overflow_ecumenical_swirl,
          grunt_ministairs_13
D:4:      kennysheep_spiral_hall, layout_loops_ring, temple_doors_ab,
          portal_sewer_entry_e, amcnicky_mini_pool_small, uniq_blork_the_orc

Skill      XL: |  1  2  3  4 |
---------------+-------------+-----
Axes           | 3 |  3.9
Dodging        | 3 |  3.3
Armour         | 1 |  1.7
Fighting       | 3 |  3.0
Throwing       | |  1.9
Stealth        | |  0.2
Shields        | |  0.5

Action                   |  1- 3 |  4- 6 || total
-------------------------+-------+-------++-------
Melee: War axe           |    89 |    32 ||   121
Throw: Stone             |     3 |       ||     3
       Dart              |       |     5 ||     5
  Use: Scroll            |       |     4 ||     4
 Stab: Sleeping          |     1 |       ||     1
Armor: Leather armour    |    39 |       ||    39
       Ring mail         |     3 |    17 ||    20
Dodge: Dodged            |    48 |    34 ||    82
Block: Buckler           |    13 |    16 ||    29

Table legend: (Time is in decaauts)
 A = Elapsed time spent in this place.
 B = Non-inter-level travel time spent in this place.
 C = Inter-level travel time spent in this place.
 D = Time resting spent in this place.
 E = Time spent auto-exploring this place.
 F = Levels seen in this place.
 G = Mean time per level.
                   A        B        C        D        E       F      G
               +--------+--------+--------+--------+--------+-----+--------+
         Total |   3202 |   3139 |     63 |    380 |   2044 |   4 |  800.5 |
       Dungeon |   3202 |   3139 |     63 |    380 |   2044 |   4 |  800.5 |
               +--------+--------+--------+--------+--------+-----+--------+

Top non-repeatable levels by time:
     D:3: 1312 daAuts
     D:1: 934 daAuts
     D:2: 899 daAuts
     D:4: 56 daAuts
